 Dungeon Sprint DCSS version 0.22-a0-358-g7563fe7 (webtiles) character file.

808 KristoblXynda the Carver (level 7, -4/57 HPs)
             Began as a White Draconian Fighter on Apr 18, 2018.
             Was a Believer of Makhleb.
             Slain by a manticore (7 damage)
             ... in the Dungeon (Sprint IX: "|||||||||||||||||||||||||||||").
             The game lasted 00:01:44 (471 turns).

KristoblXynda the Carver (White Draconian Fighter)   Turns: 471, Time: 00:01:45

Health: -4/57      AC:  8    Str: 20    XL:     7   Next: 60%
Magic:  7/7        EV: 18    Int:  9    God:    Makhleb [**....]
Gold:   0          SH: 11    Dex: 10    Spells: 6/6 levels left

rFire    . . .     SeeInvis .   n - +2 scimitar (holy)
rCold    + . .     Gourm    .   b - +0 shield
rNeg     . . .     Faith    .   (armour unavailable)
rPois    .         Spirit   .   (helmet restricted)
rElec    .         Reflect  .   p - +0 cloak
rCorr    .         Harm     .   (no gloves)
MR       .....     NoTele   +   o - +0 pair of boots
Stlth    +.........             (no amulet)
HPRegen  0.19/turn              q - +2 ring of evasion
MPRegen  0.10/turn              r - +2 ring of evasion

@: short of breath
A: breathe frost, unfitting armour, cold resistance 1, cold-blooded, AC +6
a: Breathe Frost, Minor Destruction, Renounce Religion


You were in the Dungeon.
You worshipped Makhleb.
Makhleb was pleased with you.
You were not hungry.

You visited 1 branch

Inventory:

Hand Weapons
 a - a +0 long sword
 n - a +2 scimitar of holy wrath (weapon)
Armour
 b - a +0 shield (worn)
 o - a +0 pair of boots (worn)
 p - a +0 cloak (worn)
Jewellery
 q - a +2 ring of evasion (left hand)
 r - a +2 ring of evasion (right hand)
Wands
 m - a wand of iceblast (10)
Scrolls
 j - 2 scrolls of blinking
 k - 3 scrolls of remove curse
 l - 2 scrolls of amnesia
Potions
 c - a potion of might
 e - 5 potions of curing
 f - a potion of heal wounds
 g - a potion of haste
 h - 4 potions of magic
 i - a potion of invisibility


   Skills:
 - Level 3.2 Fighting
 * Level 11.8 Long Blades
 + Level 8.2 Dodging
 + Level 9.0 Shields


You had 6 spell levels left.
You didn't know any spells.

Dungeon Overview and Level Annotations

Branches:
Dungeon (1/1)

Altars:
Cheibriados
Dithmenos
Elyvilon
Fedhas
Gozag
Hepliaklqana
Kikubaaqudgha
Makhleb
Nemelex Xobeh
Okawaru
Qazlal
Ru
Sif Muna
Trog
Uskayaw
Vehumet
Wu Jian
Xom
Yredelemnul
Zin
The Shining One
Beogh
Jiyva
Lugonu


Innate Abilities, Weirdness & Mutations

You can breathe waves of freezing cold.
You can buffet flying creatures when you breathe cold.
Your icy white scales are hard. (AC +6)
You cannot fit into any form of body armour.
Your flesh is cold resistant. (rC+)
You are cold-blooded and may be slowed by cold attacks.


Message History

The manticore bites you. You block the manticore's attack. x2
You hit the manticore but do no damage.
The manticore is heavily wounded.
The manticore bites you!!
* * * LOW HITPOINT WARNING * * *
The manticore claws you.
* * * LOW HITPOINT WARNING * * *
You block the manticore's attack.
You feel much better. The manticore barely misses you.
You block the manticore's attack. The manticore misses you.
Unknown command.
You hit the manticore.
The manticore is severely wounded.
The manticore bites you!!
* * * LOW HITPOINT WARNING * * *
The manticore closely misses you. x2
You hit the manticore but do no damage.
The manticore is severely wounded.
You block the manticore's attack. The manticore claws you!
You die...

▓.▓
▓†▓
▓)▓
▓.▓
▓.▓
▓.▓
▓.▓
▓.▓
▓@▓
▓H▓
▓O▓
▓y▓
▓.▓
▓.▓
▓.▓
▓+▓


You could see a two-headed ogre, a manticore and a killer bee.

Vanquished Creatures
  A vampire (D)
  A yak (D)
  A hungry ghost (D)
  An orc warrior (D)
  A sky beast (D)
  A scorpion (D)
  A wight (D)
  2 jellies (D)
  An iguana (D)
  An adder (D)
  An orc (D)
  3 bats (D)
  2 goblins (D)
  A frilled lizard (D)
  A leopard gecko zombie (D)
19 creatures vanquished.

Notes
Turn   | Place    | Note
-------+----------+-------------------------------------------
     0 | D        | KristoblXynda the Draconian Fighter began the quest for the Orb.
     0 | D        | Reached XP level 1. HP: 19/19 MP: 1/1
    13 | D        | Reached skill level 3 in Long Blades
    77 | D        | Noticed a jelly
    77 | D        | Noticed a jelly
    85 | D        | Reached XP level 2. HP: 26/26 MP: 2/2
    86 | D        | Reached skill level 4 in Long Blades
    86 | D        | Reached XP level 3. HP: 31/31 MP: 3/3
    88 | D        | Reached skill level 5 in Long Blades
    88 | D        | Reached XP level 4. HP: 38/38 MP: 4/4
   117 | D        | Found a roughly hewn altar of Beogh.
   117 | D        | Found a snail-covered altar of Cheibriados.
   117 | D        | Found a shadowy altar of Dithmenos.
   117 | D        | Found a white marble altar of Elyvilon.
   117 | D        | Found a blossoming altar of Fedhas.
   117 | D        | Found an opulent altar of Gozag.
   118 | D        | Found a hazy altar of Hepliaklqana.
   119 | D        | Found a viscous altar of Jiyva.
   120 | D        | Found an ancient bone altar of Kikubaaqudgha.
   121 | D        | Found a corrupted altar of Lugonu.
   122 | D        | Found a burning altar of Makhleb.
   123 | D        | Found a sparkling altar of Nemelex Xobeh.
   130 | D        | Found an iron altar of Okawaru.
   131 | D        | Found a stormy altar of Qazlal.
   132 | D        | Found a sacrificial altar of Ru.
   133 | D        | Found a deep blue altar of Sif Muna.
   134 | D        | Found a bloodstained altar of Trog.
   135 | D        | Found a hide-covered altar of Uskayaw.
   136 | D        | Found a radiant altar of Vehumet.
   137 | D        | Found an ornate altar of the Wu Jian Council.
   138 | D        | Found a shimmering altar of Xom.
   139 | D        | Found a basalt altar of Yredelemnul.
   140 | D        | Found a glowing silver altar of Zin.
   141 | D        | Found a glowing golden altar of the Shining One.
   204 | D        | Became a worshipper of Makhleb the Destroyer
   228 | D        | Noticed a hungry ghost
   228 | D        | Noticed a sky beast
   251 | D        | Killed a hungry ghost
   251 | D        | Reached skill level 8 in Long Blades
   251 | D        | Reached skill level 5 in Dodging
   251 | D        | Reached XP level 5. HP: 39/45 MP: 5/5
   266 | D        | Reached * piety under Makhleb
   266 | D        | Reached skill level 9 in Long Blades
   275 | D        | Reached XP level 6. HP: 24/51 MP: 6/6
   291 | D        | Killed a sky beast
   291 | D        | Reached ** piety under Makhleb
   291 | D        | Reached skill level 10 in Long Blades
   446 | D        | Noticed a vampire
   446 | D        | Noticed an orc warrior
   446 | D        | Noticed a yak
   446 | D        | Noticed a manticore
   446 | D        | Noticed a two-headed ogre
   449 | D        | Killed a vampire
   449 | D        | Your scales start taking on an icy white colour.
   449 | D        | Reached XP level 7. HP: 52/57 MP: 7/7
   449 | D        | Gained mutation: Your flesh is cold resistant. (rC+) [White Draconian growth]
   455 | D        | Reached skill level 11 in Long Blades
   462 | D        | Killed a yak
   471 | D        | Slain by a manticore

Vault maps used:
D:        linesprint

Skill      XL: |  1  2  3  4  5  6  7 |
---------------+----------------------+-----
Dodging        | 3 4 5 6 7 8 |  8.2
Long Blades    | 3 4 5 8 9 10 11 | 11.8
Shields        | 4 6 7 8 9 |  9.0
Fighting       | |  3.2

Action                   |  1- 3 |  4- 6 |  7- 9 || total
-------------------------+-------+-------+-------++-------
Melee: Long sword        |    18 |     2 |       ||    20
       Tailslap          |     1 |    10 |     1 ||    12
       Scimitar          |       |    62 |    19 ||    81
 Abil: Breathe Frost     |       |       |     1 ||     1
  Use: Potion            |     1 |     1 |     1 ||     3
  Eat: Ration            |       |     1 |       ||     1
Armor: Skin              |     9 |    14 |     1 ||    24
Dodge: Dodged            |     5 |    21 |     8 ||    34
Block: Shield            |    12 |    24 |    12 ||    48
       Rpst.: Long sword |     3 |       |       ||     3
       Scimitar          |       |     7 |       ||     7

Table legend:
 A = Spawn XP
 B = Non-spawn XP
 C = Spawn XP percentage of total XP
 D = Spawn monster count
 E = Non-spawn monster count
 F = Spawn count percentage of total count
 G = Total turns spent on level
                    A         B        C        D         E        F      G
               +---------+---------+-------+---------+---------+-------+---------
         Total |       0 |    1155 |   0.0 |       0 |      19 |   0.0 |   471
               +---------+---------+-------+---------+---------+-------+---------
             D |       0 |    1155 |   0.0 |       0 |      19 |   0.0 |   471
               +---------+---------+-------+---------+---------+-------+---------
